 Dungeon Crawl Stone Soup version 0.30.0-29-ga12c61a403 (webtiles) character file.

Game seed: 16343576617108921569

37 javelincjr the Grasshopper (level 3, -4/27 HPs)
             Began as a Demonspawn Warper on June 20, 2023.
             Slain by a cerulean imp
             ... wielding a +0 spear
             ... summoned by Natasha
              (5 damage)
             ... on level 2 of the Dungeon.
             The game lasted 00:06:30 (1157 turns).

javelincjr the Grasshopper (Demonspawn Warper)      Turns: 1157, Time: 00:06:31

Health: -4/27      AC:  3    Str: 11    XL:     3   Next: 21%
Magic:  4/6        EV: 12    Int: 16    God:
Gold:   102        SH:  0    Dex: 12    Spells: 2/6 levels left

rFire   . . .        h - +2 long sword (protect)
rCold   . . .        (no shield)
rNeg    . . .        b - +0 leather armour
rPois   .            (no helmet)
rElec   .            (no cloak)
rCorr   .            (no gloves)
SInv    .            (no boots)
Will    .....        (no amulet)
Stlth   +            (no ring)
HPRegen 0.24/turn    (no ring)
MPRegen 0.10/turn

%: no passive effects
@: no status effects
A: powered by death 1, sturdy frame 1
a: no special abilities


You were on level 2 of the Dungeon.
You visited 1 branch of the dungeon, and saw 2 of its levels.

You collected 102 gold pieces.

Inventory:

Hand Weapons
 a - a +0 spear
 h - a +2 long sword of protection (weapon)
Missiles
 d - a boomerang of dispersal (quivered)
Armour
 b - a +0 leather armour (worn)
Scrolls
 c - a scroll of blinking
 j - 2 scrolls of identify {unknown}
 k - a scroll of fog {unknown}
 l - a scroll of teleportation {unknown}
Potions
 e - a potion of heal wounds {unknown}
 f - a potion of brilliance {unknown}
 g - a potion of ambrosia {unknown}
 i - a potion of haste {unknown}


   Skills:
 + Level 2.3 Fighting
 + Level 0.1 Long Blades
 - Level 2.1 Polearms
 - Level 1.1 Throwing
 + Level 1.2 Armour
 + Level 2.1 Dodging
 + Level 2.2 Spellcasting
 + Level 2.8 Translocations


You had 2 spell levels left.
You knew the following spells:

 Your Spells              Type           Power      Damage    Failure   Level
a - Blink                 Tloc           22%        N/A       10%         2
b - Lesser Beckoning      Tloc           22%        N/A       10%         2

Your spell library contained the following spells:

 Spells                   Type           Power      Damage    Failure   Level
 Teleport Other           Tloc           11%        N/A       21%         3
 Vhi's Electric Charge    Tloc/Air       12%        N/A       34%         3
 Manifold Assault         Tloc           11%        N/A       54%         4


Dungeon Overview and Level Annotations

Branches:
Dungeon (2/15)

Altars:

Shops:
D:1 :

Annotations:
D:2 Natasha


Innate Abilities, Weirdness & Mutations

You regenerate a little health from kills.
Your movements are slightly less encumbered by armour. (ER -2)


Message History

The quokka bites you but does no damage.
The quokka closely misses you.
You hit the quokka.
You kill the quokka!
You see here a quokka corpse.
k - a scroll labelled JIGRAQU PALES
l - a scroll labelled DAYGATA HAKKO Natasha, Servant of Life and Death comes into view.
She is carrying a wand of flame (22).
Natasha moves out of view.
You now have 102 gold pieces (gained 8).
Natasha hisses angrily.
Natasha stares at you and mumbles some strange words.
You resist with significant effort.
Natasha wildly gestures.
Natasha shimmers violently.
Natasha casts a spell at you. The magic dart hits you!
Casting: Lesser Beckoning (safe; 10% risk of failure)
Confirm with . or Enter, or press ? or * to list all spells.
Aiming: Lesser Beckoning (safe; 10% risk of failure)
Press: ? - help, Shift-Dir - straight line, f - Natasha
Aim: Natasha, carrying a wand of flame (22) (100% to hit)
Natasha hurls suddenly forward!
Natasha mumbles some strange words.
You slash Natasha!
Your weapon exudes an aura of protection.
Natasha is heavily wounded.
Natasha barely misses you.
You closely miss Natasha.
Natasha is heavily wounded.
The cerulean imp hits you from afar with a +0 spear.
Natasha zaps a wand.
The puff of flame hits you.
The cerulean imp hits you from afar with a +0 spear.
* * * LOW HITPOINT WARNING * * *
Natasha zaps a wand.
The puff of flame hits you!
* * * LOW HITPOINT WARNING * * *
You barely miss Natasha.
Natasha is heavily wounded.
The cerulean imp hits you from afar with a +0 spear.
You die...

#.#.##.# #.#####........
#.#.##.# #.# #........
.####.#.##.### #.# #..######
............... #.# #..#
.###..#.##...#. ##.#####..#
###..#.##..### ..........#
##....#.##...#. ########..#
##.#.##.##.#...##########..#
##.#.##.......5h@..........#
...#.##....##..##########..#
.###.# .# #.. #..# .# #.##.
.... #.... .###.... #####
##..... ....## #####..
.#...## . ).#.#.#. ........


You could see Natasha and a cerulean imp (summoned).

Vanquished Creatures
  3 dart slugs
  An orc (D:2)
  A ball python (D:1)
  3 endoplasms
  A giant cockroach (D:1)
  A goblin (D:2)
  A hobgoblin (D:1)
  2 jackals (D:1)
  2 quokkas
  4 bats (D:1)
  3 frilled lizards
  5 kobolds (D:1)
  4 rats (D:1)
31 creatures vanquished.

Notes
Turn   | Place    | Note
-------+----------+-------------------------------------------
     0 | D:1      | javelincjr the Demonspawn Warper began the quest for the
                  | Orb.
     0 | D:1      | Reached XP level 1. HP: 16/16 MP: 3/3
    30 | D:1      | Reached skill level 1 in Throwing
   100 | D:1      | Reached skill level 1 in Armour
   121 | D:1      | Gained mutation: You regenerate a little health from kills.
                  | [demonic ancestry]
   121 | D:1      | Reached XP level 2. HP: 22/22 MP: 5/5
   180 | D:1      | Found Myqile's Book Shoppe.
   922 | D:2      | Learned a level 2 spell: Blink
   925 | D:2      | Learned a level 2 spell: Lesser Beckoning
   945 | D:2      | Gained mutation: Your movements are slightly less
                  | encumbered by armour. (ER -2) [demonic ancestry]
   945 | D:2      | Reached XP level 3. HP: 27/27 MP: 3/6
  1147 | D:2      | Noticed Natasha
  1156 | D:2      | HP: 1/27 [Natasha/puff of flame (7)]
  1157 | D:2      | Slain by a cerulean imp

Illustrated notes

Levels and vault maps discovered:
D:1:      spicycebolla_green_bress_n_ham, layout_basic, serial_shops, shop,
          minmay_bisected
D:2:      layout_loops_ring, kennysheep_generic_room_7, uniq_natasha,
          uniq_terence

Skill      XL: |  1  2 |
---------------+-------+-----
Throwing       | 1 |  1.1
Armour         | 1 |  1.2
Dodging        | 2 |  2.1
Polearms       | 2 |  2.1
Fighting       | |  2.3
Long Blades    | |  0.1
Spellcasting   | |  2.2
Translocations | |  2.8

Action                     || total
---------------------------++-------
  Melee: Spear             ||    86
         Punch             ||     1
         Long sword        ||    22
  Throw: Boomerang         ||     6
   Cast: Lesser Beckoning  ||     2
   Stab: Distracted        ||     1
 Armour: Leather armour    ||    27
  Dodge: Dodged            ||    58
